TOP OF THE 1ST |
---|
Surrey Sinners batting - Pitching for Chula Vista Tacos : RHP Carlos Madraso | Pitching: RHP Carlos Madraso | | Batting: RHB Jason Nava | 0-0: Called Strike 0-1: Fly out, F5 (Popup, 56) | Batting: RHB Robert Sipple | 0-0: Called Strike 0-1: Ground out 6-3 (Groundball, 6) | Batting: LHB Carlos Hernández | 0-0: Foul Ball, location: 2F 0-1: Ground out 6-3 (Groundball, 6S) | Top of the 1st over - 0 runs, 0 hits, 0 errors, 0 left on base; Surrey 0 - Chula Vista 0 | BOTTOM OF THE 1ST |
---|
Chula Vista Tacos batting - Pitching for Surrey Sinners : LHP José Morales | Pitching: LHP José Morales | | Batting: RHB Gonzalo García | 0-0: Ground out U3 (Groundball, 34S) | Batting: RHB Juan García | 0-0: Called Strike 0-1: Foul Ball, location: 2F 0-2: Strikes out looking | Batting: LHB Vernon Hill | 0-0: Called Strike 0-1: Ball 1-1: Ball 2-1: Foul Ball, location: 2F 2-2: Ball 3-2: SINGLE (Line Drive, 89S) | Batting: RHB Jake Lawrence | 0-0: Ball 1-0: Foul Ball, location: 2F 1-1: Ball 2-1: Called Strike 2-2: Strikes out swinging | Bottom of the 1st over - 0 runs, 1 hit, 0 errors, 1 left on base; Surrey 0 - Chula Vista 0 | TOP OF THE 2ND |
---|
Surrey Sinners batting - Pitching for Chula Vista Tacos : RHP Carlos Madraso | Batting: LHB Joe Spears | 0-0: Ball 1-0: Swinging Strike 1-1: Called Strike 1-2: SINGLE (Flyball, 89M) | Batting: LHB Ugo Béland | 0-0: Called Strike 0-1: Ball 1-1: Swinging Strike 1-2: Ball 2-2: Foul Ball, location: 2F 2-2: Strikes out looking | Batting: RHB Jorge Barrios | 0-0: Ball 1-0: Ball 2-0: Ball 3-0: Called Strike 3-1: Foul Ball, location: 2F 3-2: Foul Ball, location: 2F 3-2: Foul Ball, location: 2F 3-2: SINGLE (Line Drive, 34D) Joe Spears to second | Batting: RHB Jake Townsend | 0-0: Called Strike 0-1: Ball 1-1: Ball 2-1: Foul Ball, location: 2F 2-2: Foul Ball, location: 2F 2-2: Fly out, F5 (Popup, 15) | Batting: RHB Mauro Paredes | 0-0: Ball 1-0: SINGLE (Line Drive, 8LS) Joe Spears to third Jorge Barrios to second | Batting: RHB Nelson Martínez | 0-0: Ball 1-0: Ball 2-0: SINGLE (Line Drive, 78S) Joe Spears scores Jorge Barrios to third Mauro Paredes to second Runner from 3rd tries for Home, SAFE, no throw | Batting: RHB Jason Nava | 0-0: Ball 1-0: Ground out U3 (Groundball, 3S) | Top of the 2nd over - 2 runs, 4 hits, 0 errors, 2 left on base; Surrey 2 - Chula Vista 0 | BOTTOM OF THE 2ND |
---|
Chula Vista Tacos batting - Pitching for Surrey Sinners : LHP José Morales | Batting: RHB Kevin Wilson | 0-0: Swinging Strike 0-1: Foul Ball, location: 2F 0-2: Ball 1-2: Strikes out swinging | Batting: RHB Germán Ontiveros | 0-0: Ball 1-0: SOLO HOME RUN (Line Drive, 7D), Distance : 382 ft | Batting: SHB Tony Varela | 0-0: Ball 1-0: Foul Ball, location: 2F 1-1: Ball 2-1: Fly out, F8 (Flyball, 8LS) | Batting: RHB Dan Salazar | 0-0: Ball 1-0: SINGLE (Groundball, 6D) | Batting: RHB Eric Green | 0-0: Ball 1-0: Ball 2-0: Ball 3-0: Base on Balls Dan Salazar to second | Batting: RHB Gonzalo García | 0-0: Called Strike 0-1: Ball 1-1: Called Strike 1-2: Strikes out swinging | Bottom of the 2nd over - 1 run, 2 hits, 0 errors, 2 left on base; Surrey 2 - Chula Vista 1 | TOP OF THE 3RD |
---|
Surrey Sinners batting - Pitching for Chula Vista Tacos : RHP Carlos Madraso | Batting: RHB Robert Sipple | 0-0: Ground out 4-3 (Groundball, 4) | Batting: LHB Carlos Hernández | 0-0: Foul Ball, location: 2F 0-1: Swinging Strike 0-2: Ball 1-2: Ball 2-2: Strikes out swinging | Batting: LHB Joe Spears | 0-0: Ball 1-0: Called Strike 1-1: Ball 2-1: Ground out U3 (Groundball, 3) | Top of the 3rd over - 0 runs, 0 hits, 0 errors, 0 left on base; Surrey 2 - Chula Vista 1 | BOTTOM OF THE 3RD |
---|
Chula Vista Tacos batting - Pitching for Surrey Sinners : LHP José Morales | Batting: RHB Juan García | 0-0: Hit by Pitch | Batting: LHB Vernon Hill | 0-0: Foul Ball, location: 2F 0-1: Foul Ball, location: 2F 0-2: Ball 1-2: Ball 2-2: Strikes out looking | Batting: RHB Jake Lawrence | 0-0: Ball 1-0: Ball 2-0: Ball 3-0: Swinging Strike 3-1: Foul Ball, location: 2F 3-2: Strikes out swinging | Batting: RHB Kevin Wilson | 0-0: Ball 1-0: Foul Ball, location: 2F 1-1: Ball 2-1: SINGLE (Groundball, 4MD) Juan García to second Runner from 2nd tries for 3rd, SAFE, no throw | Batting: RHB Germán Ontiveros | 0-0: Swinging Strike 0-1: Ball 1-1: Called Strike 1-2: Strikes out swinging | Bottom of the 3rd over - 0 runs, 1 hit, 0 errors, 2 left on base; Surrey 2 - Chula Vista 1 | TOP OF THE 4TH |
---|
Surrey Sinners batting - Pitching for Chula Vista Tacos : RHP Carlos Madraso | Batting: LHB Ugo Béland | 0-0: Ball 1-0: Ball 2-0: Ball 3-0: Base on Balls | Batting: RHB Jorge Barrios | 0-0: Ball 1-0: Grounds into double play, 5-4-3 (Groundball, 56) | Batting: RHB Jake Townsend | 0-0: Called Strike 0-1: Foul Ball, location: 2F 0-2: Ball 1-2: Foul Ball, location: 2F 1-2: Ball 2-2: Strikes out swinging | Top of the 4th over - 0 runs, 0 hits, 0 errors, 0 left on base; Surrey 2 - Chula Vista 1 | BOTTOM OF THE 4TH |
---|
Chula Vista Tacos batting - Pitching for Surrey Sinners : LHP José Morales | Batting: SHB Tony Varela | 0-0: Called Strike 0-1: Ball 1-1: Ball 2-1: Foul Ball, location: 2F 2-2: Foul Ball, location: 2F 2-2: Strikes out swinging | Batting: RHB Dan Salazar | 0-0: Called Strike 0-1: Ball 1-1: Ball 2-1: Swinging Strike 2-2: Reached on error, E5 (Groundball, 56) | Batting: RHB Eric Green | 0-0: SINGLE (Flyball, 89S) Dan Salazar to second Runner from 2nd tries for 3rd, SAFE, throw made to third | Batting: RHB Gonzalo García | 0-0: Swinging Strike 0-1: Fly out, F7 (Line Drive, 7) Runner from 3rd tags up, SCORES, throw made | Batting: RHB Juan García | 0-0: Called Strike 0-1: Ball 1-1: Foul Ball, location: 2F 1-2: Ball 2-2: 2-RUN HOME RUN (Flyball, 9LD), Distance : 379 ft | Batting: LHB Vernon Hill | 0-0: Ball 1-0: Ground out 4-3 (Groundball, 4) | Bottom of the 4th over - 3 runs, 2 hits, 1 error, 0 left on base; Surrey 2 - Chula Vista 4 | TOP OF THE 5TH |
---|
Surrey Sinners batting - Pitching for Chula Vista Tacos : RHP Carlos Madraso | Batting: RHB Mauro Paredes | 0-0: Called Strike 0-1: Called Strike 0-2: Ball 1-2: Ball 2-2: Strikes out swinging | Batting: RHB Nelson Martínez | 0-0: Ball 1-0: Ball 2-0: Ball 3-0: Called Strike 3-1: SINGLE (Line Drive, 9LS) | Batting: RHB Jason Nava | 0-0: Called Strike Pickoff Throw to First - Error! E1 Nelson Martínez to second 0-1: Ball 1-1: Ball 2-1: Called Strike 2-2: Strikes out swinging, 2-3 out at first. | Batting: RHB Robert Sipple | 0-0: Called Strike 0-1: Ball 1-1: Ball 2-1: Ball 3-1: SINGLE (Line Drive, 9S) Nelson Martínez to third Runner from 3rd tries for Home, SAFE, no throw | Batting: LHB Carlos Hernández | 0-0: Ball 1-0: DOUBLE (Line Drive, 7LM) Robert Sipple to third Runner from 3rd tries for Home, SAFE, no throw | Batting: LHB Joe Spears | 0-0: Foul Ball, location: 2F 0-1: Ball 1-1: Ball 2-1: Ball 3-1: Called Strike 3-2: Ground out 4-3 (Groundball, 4S) | Top of the 5th over - 2 runs, 3 hits, 1 error, 1 left on base; Surrey 4 - Chula Vista 4 | BOTTOM OF THE 5TH |
---|
Chula Vista Tacos batting - Pitching for Surrey Sinners : LHP José Morales | Batting: RHB Jake Lawrence | 0-0: Called Strike 0-1: Foul Ball, location: 2F 0-2: Ball 1-2: Strikes out swinging | Batting: RHB Kevin Wilson | 0-0: Called Strike 0-1: Ball 1-1: Called Strike 1-2: Foul Ball, location: 2F 1-2: Foul Ball, location: 2F 1-2: SINGLE (Groundball, 34D) | Pitching: LHP Ramón Cardenas | | Batting: RHB Germán Ontiveros | 0-0: Swinging Strike 0-1: Called Strike 0-2: Ball 1-2: Strikes out swinging | Batting: SHB Tony Varela | 0-0: Ball 1-0: Swinging Strike 1-1: Foul Ball, location: 2F 1-2: Ball 2-2: Ball 3-2: Strikes out swinging | Bottom of the 5th over - 0 runs, 1 hit, 0 errors, 1 left on base; Surrey 4 - Chula Vista 4 | TOP OF THE 6TH |
---|
Surrey Sinners batting - Pitching for Chula Vista Tacos : RHP Carlos Madraso | Batting: LHB Ugo Béland | 0-0: Called Strike 0-1: Swinging Strike 0-2: Strikes out swinging | Batting: RHB Jorge Barrios | 0-0: Swinging Strike 0-1: Ball 1-1: Called Strike 1-2: Ball 2-2: Fly out, F6 (Line Drive, 6M) | Batting: RHB Jake Townsend | 0-0: Reached on error, E5 (Groundball, 56S) | Batting: RHB Mauro Paredes | 0-0: Called Strike 0-1: Ball 1-1: Foul Ball, location: 2F 1-2: Ball 2-2: Strikes out swinging | Top of the 6th over - 0 runs, 0 hits, 1 error, 1 left on base; Surrey 4 - Chula Vista 4 | BOTTOM OF THE 6TH |
---|
Chula Vista Tacos batting - Pitching for Surrey Sinners : LHP Ramón Cardenas | Batting: RHB Dan Salazar | 0-0: Ball 1-0: Called Strike 1-1: Called Strike 1-2: Strikes out swinging | Batting: RHB Eric Green | 0-0: Called Strike 0-1: Ball 1-1: DOUBLE (Line Drive, 7LM) | Batting: RHB Gonzalo García | 0-0: Called Strike 0-1: Ball 1-1: Foul Ball, location: 2F 1-2: Ball 2-2: Fly out, F9 (Flyball, 9LS) | Batting: RHB Juan García | 0-0: Called Strike 0-1: Foul Ball, location: 2F 0-2: Foul Ball, location: 2F 0-2: Ball 1-2: Foul Ball, location: 2F 1-2: Ball 2-2: Foul Ball, location: 2F 2-2: Foul Ball, location: 2F 2-2: Ball 3-2: Foul Ball, location: 2F 3-2: Base on Balls | Batting: LHB Vernon Hill | 0-0: Foul Ball, location: 2F 0-1: Ball 1-1: Fly out, F8 (Flyball, 8LD) | Bottom of the 6th over - 0 runs, 1 hit, 0 errors, 2 left on base; Surrey 4 - Chula Vista 4 | TOP OF THE 7TH |
---|
Surrey Sinners batting - Pitching for Chula Vista Tacos : RHP Carlos Madraso | Pitching: RHP Manny Cook | | Pinch Hitting: RHB Christian Porter | 0-0: Called Strike 0-1: Foul Ball, location: 2F 0-2: Foul Ball, location: 2F 0-2: Strikes out swinging | Batting: RHB Jason Nava | 0-0: Ball 1-0: Ball 2-0: Ball 3-0: Called Strike 3-1: Base on Balls | Pinch Hitting: LHB Martín Garza | 0-0: Ball 1-0: Hit by Pitch Jason Nava to second | Pitching: LHP Alonso Parrish | | Pinch Hitting: RHB Pat Simms | 0-0: Swinging Strike 0-1: Called Strike 0-2: Strikes out looking | Batting: LHB Joe Spears | 0-0: Ball 1-0: Swinging Strike 1-1: Ball 2-1: Foul Ball, location: 2F 2-2: Fly out, F7 (Flyball, 7S) | Top of the 7th over - 0 runs, 0 hits, 0 errors, 2 left on base; Surrey 4 - Chula Vista 4 | BOTTOM OF THE 7TH |
---|
Chula Vista Tacos batting - Pitching for Surrey Sinners : LHP Ramón Cardenas | Now at SS: Francisco Martínez | | Now in LF: Martín Garza | | Now in CF: Pat Simms | | Batting: RHB Jake Lawrence | 0-0: Called Strike 0-1: Foul Ball, location: 2F 0-2: Strikes out swinging | Batting: RHB Kevin Wilson | 0-0: Ball 1-0: Ball 2-0: SINGLE (Flyball, 5D) | Batting: RHB Germán Ontiveros | 0-0: Ball 1-0: Ball 2-0: Ball 3-0: Base on Balls Kevin Wilson to second | Batting: SHB Tony Varela | 0-0: Ground out 5-3 (Groundball, 56) Kevin Wilson to third Germán Ontiveros to second | Pinch Hitting: RHB Preston Wooten | 0-0: Swinging Strike 0-1: Ball 1-1: SINGLE (Line Drive, 6D) Kevin Wilson scores Germán Ontiveros to third | Batting: RHB Eric Green | 0-0: SINGLE (Groundball, 56D) Germán Ontiveros scores Preston Wooten to second Runner from 2nd tries for 3rd, SAFE, no throw | Pitching: RHP Mike Alexander | | Pinch Runner at 3rd Juan Vélez: | | Pinch Hitting: LHB Jean Beauchemin | 0-0: Ball 1-0: Ball 2-0: Ball 3-0: Base on Balls Eric Green to second | Batting: RHB Juan García | 0-0: Called Strike 0-1: Ball 1-1: Ball 2-1: Ground out 4-3 (Groundball, 34) | Bottom of the 7th over - 2 runs, 3 hits, 0 errors, 3 left on base; Surrey 4 - Chula Vista 6 | TOP OF THE 8TH |
---|
Surrey Sinners batting - Pitching for Chula Vista Tacos : LHP Alonso Parrish | Now at 1B: Miguel Murillo | | Now at SS: Juan Vélez | | Batting: LHB Ugo Béland | 0-0: Foul Ball, location: 2F 0-1: Ball 1-1: Ball 2-1: Foul Ball, location: 2F 2-2: Hit by Pitch | Pitching: RHP Chet Miller | | Batting: RHB Jorge Barrios | 0-0: Ball 1-0: Ball 2-0: Ball 3-0: Called Strike 3-1: Swinging Strike 3-2: Base on Balls Ugo Béland to second | Pinch Hitting: LHB Robert Mann | 0-0: Ball 1-0: Fly out, F5 (Popup, 5L) | Batting: RHB Mauro Paredes | 0-0: Called Strike 0-1: Ball 1-1: Ball 2-1: SINGLE (Line Drive, 9LS) Ugo Béland to third Jorge Barrios to second | Batting: RHB Francisco Martínez | 0-0: Foul Ball, location: 2F 0-1: Ball 1-1: Ball 2-1: Swinging Strike 2-2: Strikes out swinging | Batting: RHB Jason Nava | 0-0: Called Strike 0-1: Fielders Choice at 2nd, 5-4 (Groundball, 5) | Top of the 8th over - 0 runs, 1 hit, 0 errors, 3 left on base; Surrey 4 - Chula Vista 6 | BOTTOM OF THE 8TH |
---|
Chula Vista Tacos batting - Pitching for Surrey Sinners : RHP Mike Alexander | Now in LF: Jeff Buck | | Batting: LHB Vernon Hill | 0-0: Swinging Strike 0-1: Foul Ball, location: 2F 0-2: Hit by Pitch | Batting: RHB Jake Lawrence | 0-0: Ball Vernon Hill is caught stealing 2nd base 1-0: Called Strike 1-1: Called Strike 1-2: Ball 2-2: Strikes out swinging | Batting: RHB Kevin Wilson | 0-0: Called Strike 0-1: Ball 1-1: Foul Ball, location: 2F 1-2: Strikes out swinging, 2-3 out at first. | Bottom of the 8th over - 0 runs, 0 hits, 0 errors, 0 left on base; Surrey 4 - Chula Vista 6 | TOP OF THE 9TH |
---|
Surrey Sinners batting - Pitching for Chula Vista Tacos : RHP Chet Miller | Pitching: RHP Pat Hanna | | Batting: LHB Martín Garza | 0-0: Ball 1-0: Foul Ball, location: 2F 1-1: Called Strike 1-2: Foul Ball, location: 2F 1-2: Ball 2-2: Ball 3-2: Strikes out looking | Batting: RHB Pat Simms | 0-0: Ball 1-0: Ball 2-0: Ball 3-0: Foul Ball, location: 2F 3-1: Fly out, F7 (Flyball, 78M) | Batting: LHB Joe Spears | 0-0: Called Strike 0-1: Ground out U3 (Groundball, 3) | Top of the 9th over - 0 runs, 0 hits, 0 errors, 0 left on base; Surrey 4 - Chula Vista 6 | |